Map: Overgrown Facility

Players

DaCoyoteMan

  • Race: Protoss Protoss
  • League: Diamond
  • Spawn Location: 9:00

Gnarbone

  • Race: Protoss Protoss
  • League: Silver
  • Spawn Location: 7:00

OpuS - Winner!

  • Race: Protoss Protoss
  • League: Platinum
  • Spawn Location: 3:00

Sketchaphone - Winner!

  • Race: Zerg Zerg
  • League: Gold
  • Spawn Location: 1:00

VOD

Have the link to the VOD?

Description

Time

  • Played on: Jan. 31, 2019, 9:02 p.m.
  • Length: 14:23
Show
View Real Time Build Order
Export as new Build Order

DaCoyoteMan Protoss 

Build Orders:  

Get SALT Encoding   

  12  0:01  Probe  
  13  0:13  Probe  
  14  0:20  Pylon  
  14  0:25  Probe  
  15  0:30  Assimilator  
  15  0:43  Gateway  
  15  0:45  Probe  
  16  0:58  Probe  
  17  1:10  Probe  
  18  1:18  Pylon  
  18  1:22  Probe  
  19  1:30  Cybernetics Core  
  19  1:34  Probe  
  19  1:37  Zealot  
  21  1:46  Probe  
  22  1:47  Assimilator  
  22  1:56  Warp Gate  
  22  1:58  Probe, Gateway  
  22  1:59  Stalker  
  23  2:10  Probe  
  26  2:23  Probe  
  27  3:00  Stalker  
  27  3:01  Gateway  
  27  3:02  Probe  
  27  3:03  Gateway  
  28  3:05  Pylon  
  30  3:14  Probe  
  31  3:26  Probe  
  32  3:29  Pylon  
  32  3:30  Pylon  
  32  3:45  Stalker x2  
  36  3:52  Pylon  
  36  3:59  Stalker x2  
  40  4:11  Stalker x2  
  44  4:39  Nexus  
  31  5:20  Stalker x3  
  31  5:21  Stalker  
  37  5:24  Probe  
  37  5:26  Assimilator  
  38  5:35  Twilight Council  
  38  5:36  Probe  
  39  5:48  Probe  
  40  5:52  Probe  
  40  5:54  Nexus  
  40  5:56  Probe  
  41  6:00  Probe  
  42  6:04  Probe  
  42  6:05  Charge  
  42  6:09  Probe  
  44  6:15  Probe  
  46  6:20  Probe  
  47  6:27  Probe  
  48  6:32  Probe  
  48  6:35  Dark Shrine  
  48  6:38  Pylon  
  48  6:39  Probe  
  50  6:45  Probe  
  51  6:51  Probe  
  52  6:54  Gateway  
  52  6:57  Probe, Gateway  
  52  7:00  Gateway  
  53  7:03  Probe  
  54  7:09  Zealot x2  
  54  7:10  Sentry  
  25  7:31  Probe x2  
  25  7:47  Dark Templar  
  25  7:48  Dark Templar x2  
  25  7:49  Dark Templar  
  33  7:56  Probe x2  
  35  8:00  Sentry  
  35  8:03  Sentry  
  37  8:26  Probe x2  
  37  8:29  Probe  
  40  8:34  Probe x2  
  40  8:40  Dark Templar x2  
  46  8:42  Archon  
  46  8:46  Probe  
  46  8:48  Pylon  
  47  8:55  Archon, Assimilator  
  47  8:58  Probe  
  47  8:59  Probe x2  
  50  9:06  Probe  
  50  9:11  Probe x2  
  50  9:16  Probe  
  53  9:18  Zealot  
  53  9:19  Zealot  
  53  9:20  Sentry  
  40  9:32  Dark Templar  
  40  9:33  Dark Templar  
  40  9:34  Dark Templar  
  40  9:38  Archon  
  34  9:42  Dark Templar  
  34  9:44  Sentry  
  38  9:46  Archon  
  38  9:59  Probe x2  
  40  10:11  Probe x2  
  42  10:19  Zealot x2  
  42  10:20  Zealot x2  
  50  10:21  Nexus  
  50  10:22  Sentry  
  50  10:23  Sentry  
  50  10:26  Sentry  
  50  10:40  Probe x2  
  50  10:52  Probe  
  35  11:06  Zealot x3  
  35  11:07  Zealot x3  
  35  11:09  Probe x2  
  49  11:21  Probe  
  50  11:30  Stalker x3  
  50  11:31  Stalker x2  
  60  11:34  Sentry  
  60  11:35  Sentry  
  60  11:38  Probe  
  60  11:39  Probe  
  66  11:44  Assimilator  
  66  11:45  Probe  
  67  11:49  Assimilator  
  67  11:51  Probe  
  67  11:52  Probe  
  69  11:58  Templar Archives  
  69  11:59  Probe  
  70  12:03  Probe, Assimilator  
  70  12:04  Probe  
  72  12:11  Probe  
  72  12:12  Probe  
  72  12:15  Sentry x2, Probe  
  77  12:16  Zealot  
  77  12:22  Probe  
  81  12:24  Probe  
  81  12:28  Probe  
  52  13:00  Zealot x3  
  52  13:01  Zealot x4  
  66  13:13  Probe x3  
  69  13:21  Nexus, Pylon  
  69  13:22  Gateway  
  69  13:24  Pylon  
  69  13:25  Gateway  
  65  13:27  Gateway x2  
  65  13:29  Gateway  
  65  13:31  Pylon  
  62  13:38  High Templar  
  62  13:39  High Templar  
  48  13:41  High Templar x3  
  48  13:42  High Templar x2  
  55  13:54  Archon  
  55  13:55  Archon  
Show
View Real Time Build Order
Export as new Build Order

Gnarbone Protoss 

Build Orders:  

Get SALT Encoding   

  12  0:01  Probe  
  13  0:13  Probe  
  14  0:20  Pylon  
  14  0:25  Probe  
  15  0:38  Probe  
  15  0:40  Gateway  
  16  0:50  Probe  
  16  0:55  Assimilator  
  17  1:02  Probe  
  18  1:21  Probe  
  19  1:31  Cybernetics Core  
  19  1:32  Pylon  
  19  1:33  Pylon  
  19  1:37  Assimilator  
  19  1:39  Warp Gate  
  19  1:42  Probe  
  20  1:55  Probe  
  20  1:59  Zealot  
  23  2:07  Probe  
  24  2:27  Gateway  
  24  2:29  Gateway  
  24  2:31  Gateway  
  24  2:34  Zealot  
  26  2:38  Probe  
  27  2:50  Probe  
  28  2:58  Twilight Council  
  28  3:02  Probe  
  29  3:10  Probe  
  29  3:26  Charge  
  29  3:31  Zealot x4  
  37  3:48  Pylon  
  37  4:07  Pylon  
  37  4:08  Stalker  
  39  4:25  Stalker x3  
  39  4:28  Probe  
  40  5:13  Zealot x4  
  40  5:15  Probe  
  35  5:29  Probe  
  36  5:41  Probe  
  37  5:43  Nexus  
  37  5:46  Pylon  
  37  5:48  Assimilator  
  37  5:52  Assimilator  
  37  5:54  Stalker x2  
  41  5:58  Probe  
  42  6:10  Probe  
  43  6:18  Probe  
  43  6:25  Zealot x3  
  46  6:26  Probe  
  51  6:34  Probe  
  51  6:35  Zealot  
  54  6:54  Probe  
  55  7:01  Pylon  
  55  7:03  Pylon  
  55  7:05  Robotics Facility  
  55  7:19  Zealot  
  55  7:20  Zealot x3  
  43  7:48  Immortal  
  43  7:55  Zealot x4  
  49  8:08  Stargate  
  49  8:09  Stargate  
  49  8:20  Immortal  
  49  8:22  Probe  
  50  8:33  Zealot x3  
  50  8:34  Zealot  
  62  8:44  Probe  
  63  8:50  Pylon  
  63  8:52  Void Ray  
  63  8:53  Pylon  
  63  8:56  Probe  
  63  9:00  Void Ray  
  62  9:25  Probe  
  62  9:30  Zealot x3  
  69  9:59  Void Ray  
  63  10:35  Void Ray  
  63  10:37  Zealot  
  63  10:38  Zealot x3  
  71  10:53  Void Ray  
  59  11:11  Zealot x2  
  65  11:12  Zealot  
  69  11:20  Void Ray  
  73  11:39  Void Ray  
  77  11:59  Zealot x3  
  77  12:00  Zealot  
  84  12:21  Void Ray  
  70  12:55  Void Ray  
Show
View Real Time Build Order
Export as new Build Order

OpuS Protoss - Winner!

Build Orders:  

Get SALT Encoding   

  12  0:01  Probe  
  13  0:13  Probe  
  14  0:21  Pylon  
  14  0:22  Probe  
  15  0:35  Probe  
  16  0:43  Gateway  
  16  0:56  Probe  
  17  1:00  Assimilator  
  17  1:07  Probe  
  18  1:15  Probe  
  18  1:23  Gateway  
  18  1:25  Probe  
  20  1:33  Cybernetics Core  
  20  1:34  Pylon  
  20  1:48  Probe  
  21  2:03  Probe  
  21  2:07  Assimilator  
  22  2:10  Warp Gate  
  22  2:11  Probe  
  22  2:12  Adept x2  
  26  2:21  Probe  
  28  2:43  Stalker  
  30  2:50  Pylon  
  30  2:54  Stalker  
  31  3:02  Robotics Facility  
  31  3:05  Gateway  
  31  3:15  Pylon  
  31  3:24  Adept  
  31  3:25  Adept  
  35  3:32  Probe  
  36  3:50  Observer  
  37  4:02  Twilight Council  
  37  4:04  Zealot x3  
  37  4:05  Immortal  
  45  4:22  Pylon  
  43  4:25  Pylon  
  43  4:38  Sentry  
  43  4:39  Sentry  
  43  4:41  Adept  
  38  5:04  Charge  
  36  5:12  Immortal  
  40  5:36  Nexus, Observer  
  40  5:52  Observer  
  40  5:53  Zealot  
  40  5:54  Zealot x2  
  47  6:13  Immortal  
  47  6:18  Probe  
  52  6:31  Gateway  
  52  6:32  Probe  
  53  6:58  Zealot x3  
  53  6:59  Probe x2  
  57  7:35  Probe x2  
  49  7:47  Probe  
  49  7:49  Probe  
  47  7:52  Zealot x2  
  47  7:53  Zealot x2  
  55  7:59  Probe  
  55  8:01  Probe  
  57  8:11  Probe  
  52  8:13  Probe  
  52  8:14  Observer  
  52  8:18  Nexus  
  53  8:23  Probe  
  55  8:28  Observer  
  55  8:30  Forge  
  55  8:33  Templar Archives  
  56  8:44  Zealot x2  
  56  8:45  Zealot x2  
  64  8:59  Probe  
  64  9:00  Probe  
  66  9:04  Pylon  
  66  9:10  Photon Cannon  
  66  9:12  Probe x2  
  64  9:24  Probe x2  
  62  9:39  Zealot x4  
  62  9:40  Probe  
  62  9:41  Probe x2  
  62  9:44  Assimilator  
  73  9:47  Protoss Ground Weapons Level 1  
  73  9:49  Assimilator  
  73  9:53  Probe  
  72  10:01  High Templar x2  
  72  10:02  High Templar x2  
  72  10:05  Archon  
  72  10:06  Archon  
  80  10:16  Immortal  
  84  10:25  Shield Battery  
  84  10:27  Shield Battery  
  84  10:31  Shield Battery  
  84  10:49  Stargate  
  82  10:50  Stargate  
  82  10:56  Stalker x2  
  82  10:57  Stalker x2  
  74  11:15  Stargate  
  74  11:17  Probe x2  
  74  11:18  Probe  
  77  11:29  Probe  
  77  11:32  Zealot x4  
  86  11:45  Void Ray x2  
  94  11:47  Probe x3  
  94  11:50  Assimilator  
  97  11:55  Assimilator  
  97  11:59  Probe  
  98  12:16  Zealot x2  
  98  12:21  Pylon  
  100  12:23  Pylon  
  100  12:25  Pylon  
  100  12:26  Pylon  
  100  12:31  Void Ray  
  100  12:36  Stargate  
  100  12:38  Pylon  
  100  12:41  Stalker x4  
  112  12:45  Void Ray x2  
  116  13:25  Nexus  
  116  13:29  Void Ray x3  
  128  13:34  Probe x2  
  128  13:35  Probe  
  131  13:46  Probe  
  136  14:05  Pylon  
  136  14:06  Pylon  
  136  14:09  Assimilator  
  134  14:13  Assimilator  
Show
View Real Time Build Order
Export as new Build Order

Sketchaphone Zerg - Winner!

Build Orders: Hatch First 

Get SALT Encoding   

  12  0:01  Drone  
  13  0:13  Overlord  
  13  0:18  Drone  
  14  0:26  Drone, Extractor  
  15  0:32  Drone  
  17  0:35  Drone  
  17  1:00  Drone, Extractor  
  17  1:04  Hatchery  
  17  1:09  Drone  
  17  1:21  Spawning Pool  
  16  1:33  Drone  
  16  1:36  Drone x2  
  19  1:49  Drone  
  20  1:55  Overlord  
  20  2:07  Overlord  
  20  2:08  Queen  
  20  2:12  Metabolic Boost  
  22  2:19  Zergling x2  
  23  2:31  Zergling x2  
  23  2:35  Zergling x2  
  25  2:51  Queen  
  25  2:52  Drone  
  25  2:53  Zergling x2  
  29  3:02  Hatchery  
  28  3:15  Drone x3  
  28  3:16  Drone x2  
  33  3:21  Drone  
  34  3:33  Queen  
  36  3:35  Drone x2  
  38  3:43  Zergling x2  
  38  3:48  Drone x2  
  40  3:59  Baneling Nest  
  40  4:01  Drone x2  
  40  4:02  Overlord  
  41  4:16  Spine Crawler  
  40  4:18  Spine Crawler  
  40  4:22  Zergling x12  
  44  4:27  Spine Crawler  
  43  4:31  Drone  
  43  4:32  Queen  
  46  4:41  Zergling x8  
  46  4:42  Baneling  
  50  4:47  Baneling x3  
  50  4:48  Baneling x2  
  39  5:15  Zergling x18  
  48  5:25  Zergling x2  
  48  5:26  Zergling x4  
  51  5:29  Drone x2  
  51  5:30  Overlord  
  53  5:57  Overlord x2  
  53  5:59  Lair  
  53  6:01  Drone x2  
  53  6:02  Pneumatized Carapace  
  53  6:03  Overlord  
  53  6:04  Drone x3  
  58  6:09  Evolution Chamber  
  57  6:23  Overlord x2  
  57  6:30  Drone x2  
  57  6:31  Overlord  
  59  6:33  Overlord  
  59  6:34  Overlord  
  59  6:39  Overlord, Drone x2  
  61  6:44  Queen  
  63  6:49  Overlord  
  63  6:53  Zerg Melee Weapons Level 1  
  63  6:54  Evolution Chamber  
  63  6:55  Drone x4  
  63  6:57  Extractor  
  63  6:58  Extractor  
  63  7:00  Extractor  
  60  7:23  Drone x3  
  60  7:24  Overlord, Drone  
  58  7:46  Baneling x7  
  58  7:47  Zergling x18  
  67  7:54  Queen  
  67  7:56  Centrifical Hooks  
  68  8:07  Drone x2  
  68  8:08  Overlord x2  
  66  8:23  Baneling x6  
  66  8:25  Overseer  
  66  8:26  Hatchery  
  65  8:32  Zergling x6  
  65  8:33  Zergling x14  
  75  8:37  Spore Crawler, Zergling x6  
  75  8:41  Spore Crawler  
  76  8:46  Spore Crawler  
  76  8:47  Zergling x6, Spore Crawler  
  77  8:57  Drone  
  77  8:58  Drone x2  
  77  9:00  Drone  
  81  9:15  Overseer  
  74  9:33  Zergling x22  
  74  9:38  Zergling x6  
  88  9:44  Drone  
  88  9:45  Zergling x6  
  92  9:49  Overlord  
  91  10:00  Baneling x13  
  91  10:01  Hatchery  
  91  10:04  Zerg Ground Armor Level 1  
  91  10:05  Zerg Melee Weapons Level 2  
  90  10:11  Zergling x22  
  82  10:31  Zergling x6  
  82  10:32  Zergling x18  
  89  10:40  Zergling x10  
  89  10:41  Zergling x2  
  87  10:47  Hydralisk Den  
  87  10:48  Drone x2  
  86  11:03  Zergling x16  
  94  11:09  Drone  
  94  11:10  Drone x3  
  91  11:37  Grooved Spines, Hydralisk x4  
  99  11:41  Queen  
  101  11:47  Drone  
  101  11:48  Overlord, Drone x2  
  101  11:50  Baneling x5  
  101  11:51  Baneling x10  
  104  11:55  Drone x2  
  106  12:05  Overlord  
  106  12:06  Overlord x2  
  106  12:07  Hydralisk x2  
  110  12:13  Zergling x8  
  113  12:24  Queen  
  113  12:26  Hydralisk x3  
  121  12:41  Baneling x16  
  121  12:43  Zergling x10  
  112  12:53  Hydralisk x3  
  112  12:54  Hydralisk  
  113  13:00  Hydralisk  
  113  13:01  Hydralisk x2  
  113  13:06  Hydralisk x2  
  113  13:09  Zergling x8  
  113  13:11  Drone  
  122  13:28  Hydralisk x7  
  135  13:40  Hydralisk x4  
Tags
 
Add a new tag
Caveats
  • Supply blocks, unpowered buildings, or Contaminate may cause inaccurate times.
  • Supply counts are checked every 10 seconds.